 Dungeon Sprint DCSS version 0.17-a0-2030-g9ce824c (webtiles) character file.

1173 Ordine the Eclecticist (level 8, -13/41 HPs)
             Began as a Deep Elf Fire Elementalist on Oct 10, 2015.
             Was an Initiate of Vehumet.
             Killed by an exploding giant spore (19 damage)
             ... in the Dungeon (Sprint I: "Red Sonja").
             The game lasted 00:05:53 (1297 turns).

Ordine the Eclecticist (Deep Elf Fire Elementalist) Turns: 1297, Time: 00:05:54

Health: -13/41     AC:  3    Str:  5    XL:     8   Next: 18%
Magic:  31/31      EV: 13    Int: 27    God:    Vehumet [......]
Gold:   77         SH:  0    Dex: 15    Spells: 4 memorised, 28 levels left

rFire  . . .     SeeInvis .     h - +0 dagger (drain)
rCold  . . .     Clarity  .     c - +1 robe of Existentialism {rPois Regen+ Int+4}
rNeg   . . .     SustAt   .     (no shield)
rPois  +         Gourm    .     (no helmet)
rElec  .         Spirit   .     (no cloak)
rCorr  .         Warding  .     (no gloves)
rMut   .         NoTele   +     (no boots)
MR     .....                    (no amulet)
Stlth  +.........               (no ring)
                                (no ring)

@: confused, not resistant to hostile enchantments, very unstealthy
A: no striking features
a: Renounce Religion


You were in the Dungeon.
You worshipped Vehumet.
Vehumet was noncommittal.
You were not hungry.

You visited 1 branch You collected 405 gold pieces.
You spent 328 gold pieces at shops.

Inventory:

Hand Weapons
 h - a +0 dagger of draining (weapon)
Armour
 c - the +1 robe of Existentialism (worn) {rPois Regen+ Int+4}
   (You bought it in a shop in the Dungeon)

   It affects your intelligence (+4).
   It protects you from poison.
   It increases your rate of regeneration.
Scrolls
 i - a scroll of blinking
Potions
 d - a potion of curing
 e - a potion of heal wounds
 f - a potion of haste
 g - a potion of magic
Comestibles
 b - a meat ration


   Skills:
 - Level 2.4 Dodging
 - Level 2.4 Stealth
 - Level 17.9 Spellcasting
 - Level 10.1 Conjurations
 + Level 6.0 Fire Magic


You had 28 spell levels left.
You knew the following spells:

 Your Spells              Type           Power        Failure   Level  Hunger
a - Throw Flame           Conj/Fire      ######       1%          2    None
b - Conjure Flame         Conj/Fire      ######..     1%          3    None
c - Sticky Flame          Conj/Fire      ######..     1%          4    None
d - Fireball              Conj/Fire      ######....   1%          5    None


Dungeon Overview and Level Annotations

Branches:
Dungeon (1/1)

Altars:
Cheibriados
Dithmenos
Elyvilon
Fedhas
Gozag
Kikubaaqudgha
Makhleb
Nemelex Xobeh
Okawaru
Qazlal
Ru
Sif Muna
Trog
Vehumet
Xom
Yredelemnul
Zin
The Shining One
Jiyva

Shops:
D [


Message History

You drop a +0 robe.
There is an open door here.
You see here a curare-tipped needle.
You see here a curare-tipped needle.
There is an open door here.
Things that are here:
a blowgun; 4 curare-tipped needles You open the door.
The giant spore waves its rhizomes.
The giant spore explodes!
The explosion of spores engulfs the giant spore.
The giant spore explodes!
A fungus suddenly grows. x2
The explosion of spores engulfs you!
You are confused.
Ouch! That really hurt!
* * * LOW HITPOINT WARNING * * *
The explosion of spores engulfs you!
You are more confused.
You die...

#..#__####..##)#
#..#_..__##'#..+
#⌠⌠#_.∩...'.(._#
####_..._##_(#'#
#_____###'#(#
#########)###
+...+ #...#
##@## #'#


!P! $P:($ ####### You could see an active ballistomycete.

Vanquished Creatures
  Sonja (D)
  A slime creature (D)
  Sigmund (D)
  A yak (D)
  An ogre (D)
  A jelly (D)
  Ijyb (D)
7 creatures vanquished.

Vanquished Creatures (others)
  4 wasps (D)
  A giant spore (D)
5 creatures vanquished.

Grand Total: 12 creatures vanquished

Notes
Turn   | Place    | Note
--------------------------------------------------------------
     0 | D        | Ordine the Deep Elf Fire Elementalist began the quest for the Orb.
     0 | D        | Reached XP level 1. HP: 10/10 MP: 6/6
     2 | D        | Noticed Ijyb
    13 | D        | Killed Ijyb
    13 | D        | Reached skill level 6 in Conjurations
    13 | D        | Reached XP level 2. HP: 11/15 MP: 5/8
    49 | D        | Learned a level 2 spell: Throw Flame
   141 | D        | Noticed an ogre
   151 | D        | Killed an ogre
   151 | D        | Reached skill level 10 in Conjurations
   151 | D        | Reached XP level 3. HP: 11/19 MP: 4/9
   151 | D        | Reached XP level 4. HP: 13/24 MP: 4/10
   157 | D        | Learned a level 4 spell: Sticky Flame
   385 | D        | Killed a wasp
   403 | D        | Noticed Sigmund
   407 | D        | Killed Sigmund
   407 | D        | Reached skill level 11 in Spellcasting
   407 | D        | Reached XP level 5. HP: 10/28 MP: 2/20
   407 | D        | Reached XP level 6. HP: 11/32 MP: 2/22
   430 | D        | Killed a wasp
   723 | D        | Learned a level 3 spell: Conjure Flame
   729 | D        | Learned a level 5 spell: Fireball
   772 | D        | Found a deep blue altar of Sif Muna.
   773 | D        | Noticed a jelly
   775 | D        | Found a radiant altar of Vehumet.
   777 | D        | Killed a jelly
   875 | D        | Found Qucip's Armour Emporium.
   875 | D        | Found a white marble altar of Elyvilon.
   875 | D        | Found a stormy altar of Qazlal.
   875 | D        | Found a burning altar of Makhleb.
   875 | D        | Found a sacrificial altar of Ru.
   875 | D        | Found a basalt altar of Yredelemnul.
   875 | D        | Found a glowing golden altar of the Shining One.
   875 | D        | Found a sparkling altar of Nemelex Xobeh.
   875 | D        | Found a shimmering altar of Xom.
   875 | D        | Found an opulent altar of Gozag.
   875 | D        | Found an ancient bone altar of Kikubaaqudgha.
   875 | D        | Found a glowing silver altar of Zin.
   875 | D        | Noticed a yak
   885 | D        | Killed a yak
   885 | D        | Reached skill level 14 in Spellcasting
   923 | D        | Killed a wasp
  1029 | D        | Became a worshipper of Vehumet
  1031 | D        | Found an iron altar of Okawaru.
  1032 | D        | Found a bloodstained altar of Trog.
  1047 | D        | Noticed Sonja
  1050 | D        | Killed Sonja
  1050 | D        | Reached skill level 17 in Spellcasting
  1050 | D        | Reached XP level 7. HP: 23/36 MP: 10/30
  1050 | D        | Reached XP level 8. HP: 26/41 MP: 10/31
  1081 | D        | Killed a wasp
  1161 | D        | Found a snail-covered altar of Cheibriados.
  1161 | D        | Found a viscous altar of Jiyva.
  1161 | D        | Found a shadowy altar of Dithmenos.
  1161 | D        | Found a blossoming altar of Fedhas.
  1161 | D        | Noticed a slime creature
  1168 | D        | Killed a slime creature
  1274 | D        | Bought the +1 robe of Existentialism {rPois Regen+ Int+4} for 328 gold pieces
  1297 | D        | Killed by an exploding giant spore

Vault maps used:
D:        dungeon_sprint_1

Action                   |  1- 3 |  4- 6 |  7- 9 || total
-------------------------+-------+-------+-------++-------
Melee: Unarmed           |     8 |       |       ||     8
 Cast: Flame Tongue      |     2 |       |       ||     2
       Throw Flame       |     5 |     5 |       ||    10
       Fireball          |       |     2 |     3 ||     5
       Sticky Flame      |       |     2 |     1 ||     3
  Use: Potion            |     2 |       |       ||     2
  Eat: Bread ration      |       |     1 |       ||     1
